 Dungeon Crawl Stone Soup version 0.27-a0-448-gace5c5693b (webtiles) character file.

Game seed: 1118988629649609903

436 Zonian the Sneak (level 7, 0/35 HPs)
             Began as a Vine Stalker Brigand on Feb 27, 2021.
             Slain by an orc
             ... wielding a +0 club
              (2 damage)
             ... on level 4 of the Dungeon.
             The game lasted 00:06:38 (4060 turns).

Zonian the Sneak (Vine Stalker Brigand)             Turns: 4060, Time: 00:06:38

Health: 0/35       AC:  6    Str: 14    XL:     7   Next: 1%
Magic:  0/9        EV: 13    Int: 11    God:
Gold:   169        SH:  0    Dex: 17    Spells: 5/8 levels left

rFire    . . .     SeeInvis .   a - +2 dagger
rCold    . . .     Faith    .   (no shield)
rNeg     . . .     Spirit   +   b - +0 robe
rPois    .         Reflect  .   (no helmet)
rElec    .         Harm     .   c - +0 cloak
rCorr    .         Rampage  .   s - +2 pair of gloves
Will     .....                  (no boots)
Stlth    ++++......             (no amulet)
HPRegen  1.11/turn              (no ring)
MPRegen  0.11/turn              (no ring)

@: no status effects
A: fangs 2, regeneration 1, magic shield, antimagic bite, no potion heal 3
a: no special abilities


You were on level 4 of the Dungeon.
You visited 1 branch of the dungeon, and saw 4 of its levels.

You collected 169 gold pieces.

Inventory:

Hand Weapons
 a - a +2 dagger (weapon)
 k - a +0 war axe
Missiles
 d - 8 poisoned darts (quivered)
 e - 2 curare-tipped darts
 f - 4 boomerangs
 r - a throwing net
Armour
 b - a +0 robe (worn)
 c - a +0 cloak (worn)
 s - a +2 pair of gloves (worn)
Jewellery
 j - a ring of flight
Scrolls
 g - a scroll of immolation
 l - a scroll of random uselessness {unknown}
 m - a scroll of fog {unknown}
 n - a scroll of noise {unknown}
 o - a scroll of enchant weapon {unknown}
 p - a scroll of fear {unknown}
Potions
 h - a potion of lignification
 i - 2 potions of resistance
 q - a potion of curing


   Skills:
 + Level 2.8 Fighting
 + Level 3.2 Short Blades
 + Level 2.0 Throwing
 + Level 2.5 Dodging
 + Level 7.4 Stealth
 * Level 1.0 Spellcasting
 * Level 0.9 Hexes


You had 5 spell levels left.
You knew the following spells:

 Your Spells              Type           Power        Failure   Level
a - Confusing Touch       Hex            2%           54%         3

Your spell library contained the following spells:

 Spells                   Type           Power        Failure   Level
 Corona                   Hex            2%           22%         1
 Ensorcelled Hibernation  Hex/Ice        2%           36%         2
 Tukima's Dance           Hex            2%           54%         3
 Dazzling Flash           Conj/Hex       2%           61%         3


Dungeon Overview and Level Annotations

Branches:
Dungeon (4/15)             Temple (0/1) D:4

Altars:
Kikubaaqudgha

Annotations:
D:3 2 transporters, Lorrdernie's ghost, amateur GnGl


Innate Abilities, Weirdness & Mutations

You have extremely sharp teeth.
Your natural rate of healing is unusually fast.
When hurt, damage is shared between your health and your magic reserves.
Your bite disrupts and absorbs the magic of your enemies.
Potions cannot restore your health.


Message History

You closely miss the scorpion. Your bite misses the scorpion.
The scorpion is severely wounded.
The ooze misses you. The orc hits you with a +0 club.
Unknown command.
You barely miss the scorpion.
The scorpion is severely wounded.
The orc misses you. The scorpion stings you!
The ooze splashes around in the water.
You hit the scorpion but do no damage.
The scorpion is severely wounded.
The orc splashes around in the water.
The orc hits you. The scorpion stings you.
* * * LOW HITPOINT WARNING * * *
The ooze hits you.
* * * LOW HITPOINT WARNING * * *
You hit the scorpion but do no damage. Your bite misses the scorpion.
The scorpion is severely wounded.
The scorpion closely misses you. The orc hits you.
* * * LOW HITPOINT WARNING * * *
The orc hits you with a +0 club.
* * * LOW HITPOINT WARNING * * *
The ooze splashes around in the water.
You hit the scorpion but do no damage.
You bite the scorpion, but do no damage.
The scorpion is severely wounded.
The orc splashes around in the water.
The scorpion stings you.
* * * LOW HITPOINT WARNING * * *
The orc misses you. The ooze completely misses you.
Unknown command.
You hit the scorpion but do no damage.
The scorpion is severely wounded.
The scorpion stings you but does no damage.
The orc hits you.
* * * LOW HITPOINT WARNING * * *
Unknown command.
Okay, then.
You hit the scorpion but do no damage.
The scorpion is severely wounded.
The orc hits you with a +0 club.
You die...

.........PP♣♣♣≈≈P.......
##.......P≈≈≈♣≈≈≈P......
#......P≈≈♣♣P♣♣≈≈P......
#......P≈≈≈PP≈P♣P≈......
#.....PP≈♣P≈≈PP≈♣≈P....
##....≈P≈≈≈≈P..≈≈P≈#.###
##...≈≈≈.P...≈≈≈≈≈....#
###.PP≈P..###≈J♣≈≈....
#.P♣≈..## #@o≈PPP...
##≈≈≈.## #so≈≈PP...
#≈≈..# ##≈.≈≈.... #.PP##
#...P≈... #####
#........ #........
##....... #.....# ######


You could see a scorpion, an ooze and 2 orcs.

Vanquished Creatures
  4 orc priests
  4 orc wizards
  3 worker ants
  3 gnolls
  3 adders
  An ooze (D:4)
  3 worms
  5 dart slugs
  A leopard gecko (D:4)
  13 orcs
  3 giant cockroaches
  4 goblins
  6 hobgoblins
  2 quokkas (D:3)
  A ball python (D:1)
  7 bats
  5 frilled lizards
  4 kobolds
  3 rats
75 creatures vanquished.

Vanquished Creatures (others)
  10 plants (D:4)
10 creatures vanquished.

Grand Total: 85 creatures vanquished

Notes
Turn   | Place    | Note
-------+----------+-------------------------------------------
     0 | D:1      | Zonian the Vine Stalker Brigand began the quest for the
                  | Orb.
     0 | D:1      | Reached XP level 1. HP: 11/11 MP: 2/2
   104 | D:1      | Reached skill level 5 in Stealth
   315 | D:1      | Reached XP level 2. HP: 15/15 MP: 3/3
   753 | D:2      | Reached skill level 6 in Stealth
   753 | D:2      | Reached XP level 3. HP: 9/18 MP: 2/4
  1222 | D:2      | Reached skill level 1 in Dodging
  1699 | D:2      | Gained mutation: Your natural rate of healing is unusually
                  | fast. [Vine Stalker growth]
  1699 | D:2      | Reached XP level 4. HP: 23/23 MP: 5/5
  2520 | D:3      | Found a transporter.
  2522 | D:3      | Found a transporter.
  2523 | D:3      | Noticed an ogre
  2523 | D:3      | Noticed Lorrdernie's ghost (amateur GnGl)
  2529 | D:3      | Identified the +2 dire flail "Etru" {venom, +Rage Int+4}
  2529 | D:3      | Noticed an ogre
  2610 | D:3      | Reached XP level 5. HP: 7/26 MP: 4/6
  2696 | D:3      | Reached skill level 7 in Stealth
  2908 | D:3      | Reached XP level 6. HP: 28/32 MP: 5/7
  3092 | D:3      | Found an ancient bone altar of Kikubaaqudgha.
  3501 | D:4      | Found a staircase to the Ecumenical Temple.
  3583 | D:4      | Learned a level 3 spell: Confusing Touch
  4040 | D:4      | Reached skill level 1 in Spellcasting
  4040 | D:4      | Reached XP level 7. HP: 26/35 MP: 7/9
  4059 | D:4      | HP: 1/35 [orc (3)]
  4060 | D:4      | Slain by an orc

Illustrated notes

Levels and vault maps discovered:
D:1:      dpeg_arrival_rooms_c, layout_loops_ring, columned_hall_lemuel
D:2:      layout_loops_cross
D:3:      layout_basic, marbit_many_paths, gammafunk_ghost_smash
D:4:      layout_rooms, minmay_temple_entry_junction, serial_bayou,
          serial_bayou_pond_e, serial_bayou_pond_e, serial_bayou_lagoon_a,
          serial_bayou_shore_b

Skill      XL: |  1  2  3  4  5  6 |
---------------+-------------------+-----
Stealth        | 5 6 7 |  7.4
Fighting       | 2 |  2.8
Short Blades   | 2 3 |  3.2
Dodging        | 1 2 |  2.5
Throwing       | 2 |  2.0
Spellcasting   | 1 |  1.0
Hexes          | |  0.9

Action                   |  1- 3 |  4- 6 |  7- 9 || total
-------------------------+-------+-------+-------++-------
Melee: Dagger            |    55 |   287 |    21 ||   363
       Bite              |    17 |    96 |     9 ||   122
  Use: Scroll            |       |     6 |       ||     6
 Stab: Sleeping          |     7 |     7 |       ||    14
Armor: Robe              |    14 |    64 |     8 ||    86
Dodge: Dodged            |    28 |   152 |    23 ||   203

Table legend: (Time is in decaauts)
 A = Elapsed time spent in this place.
 B = Non-inter-level travel time spent in this place.
 C = Inter-level travel time spent in this place.
 D = Time resting spent in this place.
 E = Time spent auto-exploring this place.
 F = Levels seen in this place.
 G = Mean time per level.
                   A        B        C        D        E       F      G
               +--------+--------+--------+--------+--------+-----+--------+
         Total |   4024 |   3945 |     79 |   1255 |   1925 |   4 | 1006.0 |
       Dungeon |   4024 |   3945 |     79 |   1255 |   1925 |   4 | 1006.0 |
               +--------+--------+--------+--------+--------+-----+--------+

Top non-repeatable levels by time:
     D:3: 1520 daAuts
     D:2: 1463 daAuts
     D:1: 722 daAuts
     D:4: 318 daAuts
